 Dungeon Crawl Stone Soup version 0.31-a0-263-ge8cad7f256 (webtiles) character file.

Game seed: 6962734899038138701

303 qw the Shooter (level 6, -10/51 HPs)
             Began as a Minotaur Hexslinger on July 13, 2023.
             Mangled by an iguana (12 damage)
             ... on level 4 of the Dungeon.
             The game lasted 00:00:52 (2489 turns).

qw the Shooter (Minotaur Hexslinger)                Turns: 2489, Time: 00:00:52

Health: -10/51     AC:  5    Str: 12    XL:     6   Next: 15%
Magic:  6/6        EV: 11    Int: 10    God:
Gold:   143        SH:  0    Dex: 15    Spells: 6/7 levels left

rFire   . . .        Y - +2 sling
rCold   . . .        (no shield)
rNeg    + . .        f - +0 ring mail
rPois   .            (helmet restricted)
rElec   .            (no cloak)
rCorr   .            (no gloves)
SInv    .            (no boots)
Will    .....        (no amulet)
Stlth   +            h - ring of positive energy
HPRegen 0.28/turn    (no ring)
MPRegen 0.10/turn

%: no passive effects
@: no status effects
A: horns 2, retaliatory headbutt
a: no special abilities


You were on level 4 of the Dungeon.
You visited 1 branch of the dungeon, and saw 4 of its levels.

You collected 143 gold pieces.


Innate Abilities, Weirdness & Mutations

You have a pair of horns on your head.
You reflexively headbutt those who attack you in melee.


   Skills:
 + Level 3.2 Fighting
 - Level 6.1 Ranged Weapons
 - Level 2.3 Armour
 - Level 2.1 Dodging
 - Level 1.0 Spellcasting
 - Level 2.0 Hexes


You had 6 spell levels left.
You knew the following spells:

 Your Spells              Type           Power      Damage    Failure   Level
a - Slow                  Hex            16%        N/A       32%         1

Your spell library contained the following spells:

 Spells                   Type           Power      Damage    Failure   Level
 Inner Flame              Hex/Fire       2%         N/A       83%         3
 Portal Projectile        Hex/Tloc       4%         N/A       83%         3
 Cause Fear               Hex            2%         N/A       97%         4

Inventory:

Hand Weapons
 Y - a +2 sling (weapon)
Armour
 f - a +0 ring mail (worn)
Jewellery
 h - a ring of positive energy (left hand)
Scrolls
 e - a scroll of identify
Potions
 a - a potion of cancellation {unknown}
 c - a potion of curing {unknown}
 d - a potion of haste {unknown}
 g - a potion of might {unknown}
 i - a potion of heal wounds {unknown}
 k - a potion of lignification {unknown}

Dungeon Overview and Level Annotations

Branches:
Dungeon (4/15)             Temple (0/1) D:4

Altars:
Ashenzari
Cheibriados
Elyvilon
Makhleb
Vehumet

Shops:
D:4 ?

Annotations:
D:2 1 runed translucent door, Crazy Yiuf


Message History

There is a staircase to the Ecumenical Temple here.
You shoot a sling bullet. The sling bullet barely misses the orc.
You feel your willpower return. The orc hits you with a +0 flail.
You shoot a sling bullet. The sling bullet hits the orc.
The orc is heavily wounded.
The orc closely misses you. You furiously retaliate!
You headbutt the orc!
You kill the orc!
You shoot a sling bullet.
The sling bullet closely misses the iguana.
The iguana bites you!
You shoot a sling bullet.
The sling bullet closely misses the iguana.
The iguana bites you!
You shoot a sling bullet. The sling bullet hits the iguana.
The iguana is heavily wounded.
The sleepcap releases spores at you. The iguana bites you!
You shoot a sling bullet.
The sling bullet hits the iguana but does no damage.
The iguana is heavily wounded.
The iguana bites you. The sleepcap closely misses you. The iguana bites you!
The sleepcap misses you.
You shoot a sling bullet.
The sling bullet barely misses the iguana.
The sling bullet hits the worm!
The worm is heavily wounded.
The iguana closely misses you. The sleepcap barely misses you.
You shoot a sling bullet. The sling bullet hits the worm.
The worm is heavily wounded.
The iguana barely misses you. The sleepcap closely misses you.
You shoot a sling bullet. The sling bullet hits the worm!
You kill the worm!
The sleepcap releases spores at you but does no damage.
The iguana bites you but does no damage.
You shoot a sling bullet. The sling bullet hits the iguana.
The iguana is severely wounded.
The sleepcap releases spores at you but does no damage.
The iguana bites you but does no damage.
The iguana bites you!
You die...

... ... ...
... . .. ... .
.. .. #.# ..
...
.###.###...
... .........
.. ##.....#
#.#8f..#
#.l@#..#
#..8..<#
#..........#
##.....\.##...
###.....# ....
#...... .#.
#........ ..
#.#....... .
#.###....


You could see a sleepcap and an iguana.

Vanquished Creatures
  An ogre (D:3)
  3 vampire bats (D:3)
  A jelly (D:3)
  An adder (D:3)
  5 worms
  2 orcs
  9 bats
  3 endoplasms
  2 giant cockroaches
  6 hobgoblins
  3 jackals (D:2)
  A quokka (D:1)
  7 ball pythons
  4 frilled lizards
  2 goblins (D:3)
  5 kobolds
  2 rats
57 creatures vanquished.

Notes
Turn   | Place    | Note
-------+----------+-------------------------------------------
     0 | D:1      | qw the Minotaur Hexslinger began the quest for the Orb.
     0 | D:1      | Reached XP level 1. HP: 16/16 MP: 1/1
     0 | D:1      | 0 ||| qw: Version: 0.3-a-52-g30416fa
     0 | D:1      | 0 ||| qw: Game counter: 7245
     0 | D:1      | 0 ||| qw: Melee chars always use a shield: true
     0 | D:1      | 0 ||| qw: God list: Okawaru
     0 | D:1      | 0 ||| qw: Allow faded altars: false
     0 | D:1      | 0 ||| qw: Do Orc after clearing Dungeon:15 true
     0 | D:1      | 0 ||| qw: Do second Lair branch before Depths: true
     0 | D:1      | 0 ||| qw: Lair rune preference: random
     0 | D:1      | 0 ||| qw: Goals: Normal
     0 | D:1      | 0 ||| PLANNING D:1-11
    13 | D:1      | 13 ||| FLEEEEING.
   216 | D:1      | Reached skill level 3 in Ranged Weapons
   216 | D:1      | Reached XP level 2. HP: 23/23 MP: 2/2
   717 | D:1      | 717 ||| UPGRADING to +0 ring mail.
   727 | D:1      | 727 ||| DROPPING +0 robe.
   728 | D:1      | 728 ||| READING scroll labelled PIAFFAR VONT.
   729 | D:1      | 729 ||| READING 2 scrolls labelled SUNNEO TUMUYSU.
   730 | D:1      | 730 ||| DROPPING scroll of poison.
  1072 | D:2      | Reached XP level 3. HP: 29/29 MP: 3/3
  1099 | D:2      | Found a runed translucent door.
  1100 | D:2      | Noticed Crazy Yiuf
  1345 | D:2      | 1345 ||| UPGRADING to ring of positive energy.
  1346 | D:2      | 1346 ||| READING 2 scrolls labelled AMI LEYGOTHUQO.
  1347 | D:2      | 1347 ||| READING scroll labelled LIPRAWNASSU.
  1448 | D:2      | 1448 ||| DROPPING scroll of noise.
  1511 | D:3      | Found a white marble altar of Elyvilon.
  1565 | D:3      | Found a radiant altar of Vehumet.
  1583 | D:3      | Reached skill level 4 in Ranged Weapons
  1583 | D:3      | Reached XP level 4. HP: 33/36 MP: 4/4
  1614 | D:3      | Reached skill level 5 in Ranged Weapons
  1614 | D:3      | Reached XP level 5. HP: 41/41 MP: 5/5
  1961 | D:3      | Reached skill level 3 in Fighting
  2008 | D:3      | Found a burning altar of Makhleb.
  2080 | D:3      | Found a broken altar of Ashenzari.
  2213 | D:3      | Found a snail-covered altar of Cheibriados.
  2272 | D:3      | Noticed an ogre
  2279 | D:3      | HP: 4/45 [ogre/+0 giant club (19)]
  2283 | D:3      | Killed an ogre
  2284 | D:3      | Reached skill level 6 in Ranged Weapons
  2284 | D:3      | Reached XP level 6. HP: 6/51 MP: 6/6
  2450 | D:3      | 2450 ||| READING 2 scrolls labelled JIXONA VEINN.
  2451 | D:3      | 2451 ||| READING scroll labelled HESIAN UROFF.
  2452 | D:3      | 2452 ||| READING scroll labelled UDWARU CEMYN.
  2453 | D:3      | 2453 ||| DROPPING scroll of fog.
  2471 | D:4      | Found a staircase to the Ecumenical Temple.
  2471 | D:4      | Found Juetugych's Magic Scroll Emporium.
  2472 | D:4      | 2472 ||| PLANNING TEMPLE
  2472 | D:4      | 2472 ||| STAIRDANCE
  2484 | D:4      | HP: 12/51 [iguana (10)]
  2485 | D:4      | HP: 1/51 [iguana (7)]
  2489 | D:4      | Mangled by an iguana

Levels and vault maps discovered:
D:1:      dpeg_arrival_central, layout_loops_ring, minmay_misc_feat_nine_boxes
D:2:      layout_basic, uniq_crazy_yiuf_cottage
D:3:      layout_loops_cross, slow_altar_2, mainiacjoe_overflow_surrounded_room,
          mainiacjoe_overflow_six_doors_small, elyvilon_altar_1,
          nicolae_vehumet_altar_sigil, roderic_batcave
D:4:      layout_rooms, temple_statues, serial_shops, shop,
          nicolae_shop_real_fake_doors, shop, hangedman_feature_mirror,
          uniq_menkaure, uniq_duvessa

Skill      XL: |  1  2  3  4  5 |
---------------+----------------+-----
Ranged Weapons | 3 4 5 6 |  6.1
Fighting       | 2 3 |  3.2
Armour         | 2 |  2.3
Dodging        | |  2.1
Spellcasting   | |  1.0
Hexes          | |  2.0

Action                     |  1- 3 |  4- 6 || total
---------------------------+-------+-------++-------
   Fire: Sling             |    89 |   104 ||   193
    Use: Scroll            |     4 |     3 ||     7
 Armour: Ring mail         |    18 |    22 ||    40
         Robe              |     1 |       ||     1
  Dodge: Dodged            |    23 |    41 ||    64

Table legend:
 A = Non-vault XP
 B = Vault XP
 C = Vault XP percentage of total XP
 D = Non-vault monster count
 E = Vault monster count
 F = Vault count percentage of total count
                 A         B        C        D         E       F
            +---------+---------+-------+---------+---------+-------
      Total |     252 |     182 |  41.9 |      46 |      11 |  19.3
            +---------+---------+-------+---------+---------+-------
        D:1 |      22 |       0 |   0.0 |      15 |       0 |   0.0
        D:2 |      19 |       0 |   0.0 |      10 |       0 |   0.0
        D:3 |     203 |     182 |  47.3 |      19 |      11 |  36.7
        D:4 |       8 |       0 |   0.0 |       2 |       0 |   0.0
            +---------+---------+-------+---------+---------+-------
